 Dungeon Crawl Stone Soup version 0.28.0-53-g5a82cb258f (webtiles) character file.

Game seed: 2233130160459860507

96 DocClef the Ruffian (level 4, -3/37 HPs)
             Began as a Palentonga Fighter on June 25, 2022.
             Slain by a black bear (6 damage)
             ... on level 3 of the Dungeon.
             The game lasted 00:02:43 (2370 turns).

DocClef the Ruffian (Palentonga Fighter)            Turns: 2370, Time: 00:02:43

Health: -3/37      AC: 11    Str: 22    XL:     4   Next: 41%
Magic:  4/4        EV:  5    Int:  8    God:
Gold:   69         SH:  4    Dex: 15    Spells: 3/3 levels left

rFire   . . .      SeeInvis +     - Unarmed
rCold   . . .      Faith    .   b - +0 buckler
rNeg    . . .      Spirit   .   o - +0 chain mail
rPois   .          Reflect  .   (no helmet)
rElec   .          Harm     .   q - +0 cloak
rCorr   .          Rampage  .   j - +1 pair of gloves
Will    .....                   (no barding)
Stlth   ..........              (no amulet)
HPRegen 0.12/turn               k - +6 ring of dexterity
MPRegen 0.09/turn               (no ring)

@: no status effects
A: large, rugged brown scales 3, see invisible, deformed body, roll 1, armoured
tail
a: Rolling Charge


You were on level 3 of the Dungeon.
You visited 1 branch of the dungeon, and saw 4 of its levels.

You collected 69 gold pieces.

Inventory:

Armour
 a - a +0 scale mail
 b - a +0 buckler (worn)
 j - a +1 pair of gloves (worn)
 o - a +0 chain mail (worn)
 q - a +0 cloak (worn)
Jewellery
 e - a ring of flight
 k - a +6 ring of dexterity (left hand)
Scrolls
 f - 2 scrolls of teleportation {unknown}
 g - 2 scrolls of noise {unknown}
 m - a scroll of identify {unknown}
 p - a scroll of magic mapping {unknown}
 r - a scroll of enchant armour {unknown}
Potions
 c - a potion of might
 d - a potion of ambrosia {unknown}
 h - a potion of lignification {unknown}
 i - a potion of flight {unknown}
 l - 3 potions of curing {unknown}
 n - a potion of mutation {unknown}
 s - a potion of haste {unknown}


   Skills:
 - Level 3.0 Fighting
 - Level 2.4 Armour
 - Level 2.4 Shields
 + Level 4.7 Unarmed Combat


You had 3 spell levels left.
You didn't know any spells.
Your spell library was empty.

Dungeon Overview and Level Annotations

Branches:
Dungeon (4/15)
 Temple: D:4-7

Altars:
Qazlal

Shops:
D:1 *   D:2 (


Innate Abilities, Weirdness & Mutations

You are completely covered in rugged brown scales. (AC +3, +7% HP)
You have supernaturally acute eyesight. (SInv)
Armour fits poorly on your strangely shaped body.
You can roll at nearby foes to attack.
You have a long armoured tail.


Message History

The black bear claws you.
You hit the black bear.
The black bear is heavily wounded.
The black bear bites you but does no damage.
The black bear claws you but does no damage.
The black bear completely misses you.
You hit the black bear but do no damage.
The black bear is heavily wounded.
The black bear bites you but does no damage.
You block the black bear's attack. The black bear barely misses you.
You completely miss the black bear. You tail-slap the black bear.
The black bear is severely wounded.
The black bear bites you!
The black bear claws you but does no damage.
The black bear claws you.
* * * LOW HITPOINT WARNING * * *
You are too injured to fight recklessly!
You are too injured to fight recklessly!
You are too injured to fight recklessly!
You are too injured to fight recklessly!
You are too injured to fight recklessly!
You are too injured to fight recklessly!
You are too injured to fight recklessly!
You are too injured to fight recklessly!
You are too injured to fight recklessly!
You are too injured to fight recklessly!
You are too injured to fight recklessly!
You are too injured to fight recklessly!
You are too injured to fight recklessly!
You are too injured to fight recklessly!
You are too injured to fight recklessly!
You hit the black bear.
Your tail-slap misses the black bear.
The black bear is severely wounded.
The black bear goes berserk!
You punch the black bear!
The black bear is almost dead.
The black bear bites you!
* * * LOW HITPOINT WARNING * * *
You block the black bear's attack. The black bear claws you.
You die...

....##.# ##.#......##
.....#.# #..#.##....#
.......## #.##.##....#
........# ###..##..###
......#.# ####........##
....#...###............#
#..###..#...#..........# ...#
#....####........## ...#
##...####.h@.....###
...###....##........÷...#
....................)...#
..#..........#........#.#
..##.........##..##..##.#
.....†..............##..#
.###...........#######.####
..##.........#......#.....##
#......#..##.#.............##


You could see a black bear (berserk).

Vanquished Creatures
  2 adders (D:2)
  4 worms
  A dart slug (D:2)
  6 bats
  3 endoplasms
  4 giant cockroaches
  6 hobgoblins
  8 jackals
  3 quokkas
  3 ball pythons
  A frilled lizard (D:1)
  7 goblins
  7 kobolds
  3 rats
58 creatures vanquished.

Notes
Turn   | Place    | Note
-------+----------+-------------------------------------------
     0 | D:1      | DocClef the Palentonga Fighter began the quest for the Orb.
     0 | D:1      | Reached XP level 1. HP: 19/19 MP: 1/1
   117 | D:1      | Found Toigric's Assorted Antiques.
   327 | D:1      | Reached XP level 2. HP: 21/25 MP: 2/2
   496 | D:1      | Reached skill level 3 in Unarmed Combat
   609 | D:1      | Found a faded altar of an unknown god.
   939 | D:2      | Found Tuapn's Antique Weapon Boutique.
  1110 | D:2      | Reached XP level 3. HP: 31/31 MP: 3/3
  1493 | D:2      | Reached skill level 4 in Unarmed Combat
  1593 | D:3      | Found a stormy altar of Qazlal.
  1736 | D:3      | Reached XP level 4. HP: 32/37 MP: 4/4
  2342 | D:4      | Noticed a black bear
  2344 | D:4      | Noticed a scorpion
  2370 | D:3      | Slain by a black bear

Illustrated notes

Levels and vault maps discovered:
D:1:      psy_arrival_dodecagon, layout_loops_cross, serial_shops,
          nicolae_lakefront_shop, hellmonk_ecumenical_altar_inner_sanctum
D:2:      minmay_wonky_spiral, layout_rooms, serial_shops, shop
D:3:      layout_rooms, nicolae_overflow_hidden_temple, minmay_hedge_maze,
          st_stairs_5
D:4:      layout_cave_pools

Skill      XL: |  1  2  3 |
---------------+----------+-----
Unarmed Combat | 3 4 |  4.7
Fighting       | |  3.0
Armour         | |  2.4
Shields        | |  2.4

Action                   |  1- 3 |  4- 6 || total
-------------------------+-------+-------++-------
Melee: Unarmed           |   127 |    51 ||   178
       Tailslap          |    14 |     8 ||    22
Armor: Scale mail        |    55 |       ||    55
       Chain mail        |    15 |    37 ||    52
Dodge: Dodged            |    29 |    10 ||    39
Block: Buckler           |    22 |    15 ||    37
